 Dungeon Crawl Stone Soup version 0.15-a0-1549-gb42009b (console) character file.

49 swampdragon the Ruffian (level 3, -4/19 HPs)
             Began as a Vine Stalker Fighter on June 17, 2014.
             Slain by Sigmund
             ... wielding a +0 scythe
              (7 damage)
             ... on Level 2 of the Dungeon.
             The game lasted 00:02:27 (542 turns).

swampdragon the Ruffian (Vine Stalker Fighter)       Turns: 542, Time: 00:02:28

HP  -4/19        AC  7     Str 19      XL: 3   Next: 77%
MP   0/4         EV  6     Int  8      God:
Gold 102         SH  9     Dex 13      Spells:  0 memorised,  2 levels left

rFire  . . .     SeeInvis .     a - +0 cutlass
rCold  . . .     Clarity  .     b - +0 scale mail
rNeg   . . .     rCorr    .     c - +0 shield
rPois  .         rRot     +     (no helmet)
rElec  .         Spirit   +     (no cloak)
SustAb .         Warding  .     s - +0 pair of gloves
rMut   .         Stasis   .     (no boots)
Gourm  .                        (no amulet)
MR     +....                    (no ring)
                                q - ring of protection from magic

@: somewhat resistant to hostile enchantments, extremely unstealthy
A: fangs 2, regeneration 1, magic shield, antimagic bite, no device heal 3, rot
immunity
a: no special abilities


You were on level 2 of the Dungeon.
You were not hungry.

You visited 1 branch of the dungeon, and saw 3 of its levels.

You collected 102 gold pieces.

Inventory:

Hand weapons
 a - a +0 cutlass (weapon)
Armour
 b - a +0 scale mail (worn)
 c - a +0 shield (worn)
 s - a +0 pair of gloves (worn)
Comestibles
 d - 2 bread rations
 g - 4 fruits
 n - 2 slices of pizza
Scrolls
 f - a scroll of remove curse {unknown}
 h - a scroll of enchant armour {unknown}
 i - a scroll of blinking {unknown}
 j - a scroll of teleportation {unknown}
 l - a scroll of random uselessness {unknown}
 p - a scroll of immolation {unknown}
 r - a scroll of enchant weapon {unknown}
Jewellery
 q - a ring of protection from magic (left hand)
Potions
 e - a potion of might
 k - 2 potions of curing {unknown}
 m - a potion of agility {unknown}
 o - a potion of resistance {unknown}
 t - a potion of heal wounds {unknown}


   Skills:
 - Level 2.6 Fighting
 - Level 1.7 Short Blades
 - Level 2.4 Armour
 - Level 2.6 Shields
 + Level 3.2 Unarmed Combat


You had 2 spell levels left.
You didn't know any spells.

Dungeon Overview and Level Annotations

Branches:
Dungeon (3/15)

Altars:

Annotations:
D:2 Sigmund


Innate Abilities, Weirdness & Mutations

You have extremely sharp teeth.
Your natural rate of healing is unusually fast.
When hurt, damage is shared between your health and your magic reserves.
Your bite disrupts and absorbs the magic of your enemies.
Potions and wands cannot restore your health.
You are immune to rotting.


Message History

You hit Sigmund but do no damage. You bite Sigmund.
Sigmund's magic leaks into the air.
You drain his magic.
Sigmund is heavily wounded.
Sigmund hits you with a scythe!
* * * LOW HITPOINT WARNING * * *
You barely miss Sigmund.
Sigmund is heavily wounded.
Sigmund barely misses you.
You hit Sigmund.
Sigmund is heavily wounded.
You hit Sigmund. Your bite misses Sigmund.
Sigmund is severely wounded.
Sigmund flickers, as though insubstantial.
Sigmund hits you with a scythe.
* * * LOW HITPOINT WARNING * * *
You hit Sigmund but do no damage.
Sigmund is severely wounded.
Sigmund barely misses you.
Sigmund hits you from afar with a scythe!
You die...

..##..# ####..# #..#
#..# ### #..# ..#
####..## #.#
##......## #.#
#...###..########.##
....# #....[.<..@..#
....#....########..#
.#......## #@?#
.#..#...# #..#
.#..##### #..# .#..#
#..# .#... #..#
.##.## #.## .##.#
#>#


You could see Sigmund.

Vanquished Creatures
  3 adders (D:2)
  4 bats
  3 giant cockroaches
  2 goblins
  2 hobgoblins (D:1)
  A ball python (D:1)
  3 kobolds
  3 rats
21 creatures vanquished.

Notes
Turn   | Place    | Note
--------------------------------------------------------------
     0 | D:1      | swampdragon, the Vine Stalker Fighter, began the quest for the Orb.
     0 | D:1      | Reached XP level 1. HP: 11/11 MP: 1/1
    40 | D:1      | Reached skill level 1 in Unarmed Combat
    60 | D:1      | Reached XP level 2. HP: 8/16 MP: 3/3
   271 | D:2      | Reached XP level 3. HP: 19/19 MP: 4/4
   397 | D:2      | Reached skill level 3 in Unarmed Combat
   525 | D:2      | Noticed Sigmund
   542 | D:2      | Slain by Sigmund

Action                   || total
-------------------------++-------
Melee: Cutlass           ||   102
